 Dungeon Crawl Stone Soup version 0.32-a0-872-g59262bdc9b (webtiles) character file.

Game seed: 3816802882399314678

19569 Biggs the Skirmisher (level 12, 0/103 HPs)
             Began as a Coglin Hunter on Mar 30, 2024.
             Was the Champion of Okawaru.
             Killed from afar by Erica (19 damage)
             ... with a bolt of poison
             ... on level 1 of the Lair of Beasts.
             The game lasted 00:29:57 (13172 turns).

Biggs the Skirmisher (Coglin Hunter)               Turns: 13172, Time: 00:29:58

Health: 0/103      AC: 10    Str: 13    XL:     12   Next: 70%
Magic:  12/12      EV:  4    Int:  7    God:    Okawaru [******]
Gold:   819        SH:  0    Dex: 18    Spells: 11/11 levels left

rFire   + + +        P - +6 hand cannon "Yfusamud" {elec, +Blink rElec rF++ Stlth+}
rCold   . . .        a - +2 sling {Paramjit}
rNeg    . . .        f - +0 troll leather armour
rPois   .            O - +3 hat of the Black Skies {Will++ Int-2 Dex-3 SInv}
rElec   +            J - +2 cloak
rCorr   .            q - -1 pair of gloves of the Meager God {rF+ Will+++}
SInv    +            s - +0 pair of boots
Will    +++++        (amulet unavailable)
Stlth   +++          (ring unavailable)
HPRegen 1.17/turn    (ring unavailable)
MPRegen 0.13/turn    (no gizmo)

%: no passive effects
@: lethally poisoned (0 -> -8), about to teleport, constricted, revved
A: off-hand wielding, slow wielding, warmup strikes, no jewellery
a: Invent Gizmo, Renounce Religion, Evoke Blink, Heroism, Finesse, Duel


You were on level 1 of the Lair of Beasts.
You worshipped Okawaru.
Okawaru was exalted by your worship.
You visited 3 branches of the dungeon, and saw 13 of its levels.
You also visited: Sewer.

You collected 1050 gold pieces.
You spent 231 gold pieces at shops.

Inventory:

Hand Weapons
 a - a +2 sling (offhand) {Paramjit}
 d - a +0 sling {Wanphen}
 P - the +6 hand cannon "Yfusamud" (weapon) {elec, +Blink rElec rF++ Stlth+}
   (Okawaru gifted it to you on level 10 of the Dungeon)

   rF++:      It greatly protects you from fire.
   rElec:     It insulates you from electricity.
   +Blink:    It lets you blink.
   Stlth+:    It makes you more stealthy.
Missiles
 z - a throwing net
Armour
 f - a +0 troll leather armour (worn)
 q - the -1 pair of gloves of the Meager God (worn) {rF+ Will+++}
   (You found it on level 3 of the Dungeon)

   rF+:       It protects you from fire.
   Will+++:   It greatly increases your willpower.
 s - a +0 pair of boots (worn)
 C - a +2 helmet
 J - a +2 cloak (worn)
 O - the +3 hat of the Black Skies (worn) {Will++ Int-2 Dex-3 SInv}
   (Okawaru gifted it to you on level 10 of the Dungeon)

   Int-2:     It affects your intelligence (-2).
   Dex-3:     It affects your dexterity (-3).
   Will++:    It greatly increases your willpower.
   SInv:      It lets you see invisible.
Wands
 i - a wand of warping (8)
 l - a wand of quicksilver (7)
 p - a wand of paralysis (4)
 y - a wand of polymorph (8)
 B - a wand of mindburst (9)
 F - a wand of flame (13)
 K - a wand of digging (6)
Scrolls
 b - a scroll of butterflies
 g - a scroll of fear
 k - 2 scrolls of teleportation
 m - 3 scrolls of amnesia
 n - 6 scrolls of revelation
 v - a scroll of enchant armour
 w - 2 scrolls of poison
 A - 5 scrolls of summoning
 E - a scroll of enchant weapon
 H - a scroll of fog
 I - a scroll of noise {unknown}
 M - 3 scrolls of identify
 N - a scroll of brand weapon {unknown}
Potions
 c - a potion of heal wounds
 e - 3 potions of cancellation {unknown}
 h - a potion of resistance {unknown}
 j - 2 potions of might {unknown}
 o - 8 potions of curing
 r - a potion of brilliance {unknown}
 t - 4 potions of degeneration {unknown}
 u - 3 potions of haste {unknown}
 x - 2 potions of ambrosia {unknown}
 D - 2 potions of invisibility {unknown}
 G - 3 potions of lignification {unknown}
Miscellaneous
 L - a Gell's gravitambourine (2/2)


   Skills:
 - Level 12.4 Fighting
 + Level 14.6 Ranged Weapons
 - Level 5.8 Dodging
 - Level 0.7 Stealth


You had 11 spell levels left.
You didn't know any spells.
Your spell library contained the following spells:

 Spells                   Type           Power      Damage    Failure   Level
 Foxfire                  Conj/Fire      0%         2x1d4     52%         1
 Shock                    Conj/Air       0%         1d3       52%         1
 Ensorcelled Hibernation  Hex/Ice        0%         N/A       65%         2
 Passwall                 Erth           0%         N/A       87%         3
 Swiftness                Air            0%         N/A       87%         3
 Airstrike                Air            0%         2d(0-16)  99%         4
 Borgnjor's Vile Clutch   Necr/Erth      0%         N/A       100%        5
 Plasma Beam              Fire/Air       0%         2x1d10    100%        6
 Starburst                Conj/Fire      0%         6d3       100%        6
 Animate Dead             Necr           Unusable   N/A       N/A         4
 Death Channel            Necr           Unusable   N/A       N/A         6

Dungeon Overview and Level Annotations

Branches:
Dungeon (11/15)            Temple (0/1) D:4            Lair (1/5) D:10
    Orc (1/2) D:10          Sewer (visited)

Altars:
Ashenzari
Cheibriados
Dithmenos
Elyvilon
Fedhas
Gozag
Hepliaklqana
Kikubaaqudgha
Okawaru
Ru
Uskayaw
Vehumet
Xom
The Shining One

Shops:
D:6 :   D:7 :   D:9 *

Annotations:
D:3 Natasha
D:7 3 runed translucent doors, osoart's ghost, novice OnGl
D:10 exclusion: statue, Harold
Lair:1 Erica


Innate Abilities, Weirdness & Mutations

You can wield a second weapon in your off-hand.
It takes a long time for you to wield or remove held weapons.
Your first few attacks do less damage.
You cannot equip rings or amulets.


Message History

Unknown command.
Fire: P) +6 hand cannon "Yfusamud" {elec, +Blink rElec rF++ Stlth+}
Press: ? - help, Q - select action, (/) - cycle Shift-Dir - straight line, f/p - Erica
Aim: Erica, wielding a +0 scimitar of flaming and wearing a +4 ring of protection (magical condensation, moderately wounded, 70% to hit)
You shoot a sling bullet. The sling bullet hits Erica.
Erica is moderately wounded.
You shoot a slug. The slug completely misses Erica.
The slug closely misses the adder.
You feel sick.
Erica hits you with a +0 scimitar of flaming!
* * * LOW HITPOINT WARNING * * *
Erica grabs you. Erica constricts you.
* * * LOW HITPOINT WARNING * * *
You feel much better.
You feel sick.
A wyvern comes into view.
Erica hits you with a +0 scimitar of flaming!
* * * LOW HITPOINT WARNING * * *
Erica constricts you.
* * * LOW HITPOINT WARNING * * *
The wyvern moves out of view.
Unknown command.
As you read the scroll of teleportation, it crumbles to dust.
You feel strangely unstable.
You feel sick. Erica hits you but does no damage. Erica constricts you.
* * * LOW HITPOINT WARNING * * *
Unknown command.
Fire: P) +6 hand cannon "Yfusamud" {elec, +Blink rElec rF++ Stlth+}
Press: ? - help, Q - select action, (/) - cycle Shift-Dir - straight line, f/p - Erica
Aim: Erica, wielding a +0 scimitar of flaming and wearing a +4 ring of protection (magical condensation, moderately wounded, constricting you, 70% to hit)
You shoot a sling bullet. The sling bullet closely misses Erica.
The sling bullet misses the adder.
You shoot a slug. The slug hits Erica!
Erica is heavily wounded.
You feel sick.
You hear a bellow!
Erica casts a spell at you. The bolt of poison hits you!!
You are more poisoned.
You die...
Erica begins burbling mirthfully and uncontrollably.

.........################
..........#.#....#..[..P#
..†._...................##
#.....###......†........#
.....P....#####.###.....
##....S.## ### ###...
###.SF.## ##.. #..SSx#○#
#P. ##..S#@## ###### ###
#.F.### ##....## ####
#...# ##......###.##
#...#####.<......##P..
#................#...P
#.................P...
#...####.........♣.P~~
##......#♣..♣~~
###....#..~♣~~


You could see Erica, a cane toad and 3 adders.

Vanquished Creatures
  Erolcha (D:10)
  4 two-headed ogres
  Sonja (D:10)
  A deep elf pyromancer (D:10)
  A wolf spider (Lair:1)
  Maurice (D:8)
  Joseph (D:8)
  4 black mambas (Lair:1)
  A gargoyle (D:10)
  A rime drake (Lair:1)
  An unseen horror (D:11)
  Jeremiah (D:9)
  A kobold demonologist (D:11)
  Psyche (D:8)
  A komodo dragon (D:11)
  3 trolls
  A hornet (Lair:1)
  Grinder (D:3)
  A vampire (D:10)
  3 wyverns
  A wraith (D:9)
  13 yaks
  A warg (Orc:1)
  Menkaure (D:7)
  13 vampire mosquitoes
  A steam dragon (D:8)
  An acid dragon (D:11)
  2 water moccasins
  4 ogres
  9 orc warriors
  An ice beast (D:7)
  5 centaurs
  6 phantoms
  A kobold brigand (D:9)
  8 bullfrogs
  5 scorpions
  4 wights (D:8)
  11 killer bees
  5 howler monkeys
  2 electric eels (D:10)
  4 crimson imps (D:5)
  4 hounds
  3 jellies
  2 gnoll boudas
  6 orc priests
  Crazy Yiuf (D:4)
  A sleepcap (D:5)
  3 iguanas
  Ijyb (D:3)
  Terence (D:3)
  Natasha (D:3)
  16 orc wizards
  A hell rat (Sewer)
  10 gnolls
  4 river rats (Sewer)
  11 adders
  3 white imps
  4 ufetubi
  53 orcs
  7 ball pythons
  10 bats
  6 endoplasms
  5 giant cockroaches
  14 goblins
  10 hobgoblins
  21 kobolds
  12 quokkas
  3 frilled lizards
  8 rats
349 creatures vanquished.

Notes
Turn   | Place    | Note
-------+----------+-------------------------------------------
     0 | D:1      | Biggs the Coglin Hunter began the quest for the Orb.
     0 | D:1      | Reached XP level 1. HP: 16/16 MP: 1/1
   342 | D:1      | Reached skill level 4 in Ranged Weapons
   342 | D:1      | Reached XP level 2. HP: 22/22 MP: 2/2
   783 | D:2      | Reached XP level 3. HP: 27/27 MP: 3/3
  1561 | D:3      | Found an iron altar of Okawaru.
  1589 | D:3      | Became a worshipper of Warmaster Okawaru
  1623 | D:3      | Noticed Grinder
  1626 | D:3      | Paralysed by Grinder for 2 turns
  1640 | D:3      | Killed Grinder
  1640 | D:3      | Reached * piety under Okawaru
  1641 | D:3      | Reached skill level 6 in Ranged Weapons
  1641 | D:3      | Reached XP level 4. HP: 21/33 MP: 4/4
  1641 | D:3      | Reached XP level 5. HP: 24/38 MP: 5/5
  1641 | D:3      | Reached XP level 6. HP: 28/44 MP: 6/6
  1796 | D:3      | Noticed Terence
  1804 | D:3      | Killed Terence
  1951 | D:3      | Noticed Natasha
  1955 | D:3      | Killed Natasha
  2030 | D:3      | Found a faded altar of an unknown god.
  2044 | D:3      | Identified the -1 pair of gloves of the Meager God {rF+
                  | Will+++}
  2055 | D:3      | Noticed Ijyb
  2057 | D:3      | Paralysed by Ijyb for 4 turns
  2065 | D:3      | Paralysed by Ijyb for 5 turns
  2071 | D:3      | Killed Ijyb
  2340 | D:3      | Noticed Natasha
  2510 | D:4      | Reached skill level 7 in Ranged Weapons
  2932 | D:4      | Found a staircase to the Ecumenical Temple.
  2940 | D:4      | Found a runed translucent door.
  2941 | D:4      | Noticed Crazy Yiuf
  3117 | D:4      | Reached XP level 7. HP: 46/50 MP: 7/7
  3380 | D:4      | Reached skill level 8 in Ranged Weapons
  4102 | D:4      | Killed Crazy Yiuf
  4193 | D:5      | Entered Level 5 of the Dungeon
  4263 | D:5      | Reached ** piety under Okawaru
  4264 | D:5      | Reached XP level 8. HP: 56/56 MP: 8/8
  4680 | D:5      | Found a shimmering altar of Xom.
  4719 | D:5      | Reached skill level 5 in Dodging
  5071 | D:5      | Found a sacrificial altar of Ru.
  5334 | D:5      | Found a blossoming altar of Fedhas.
  5566 | D:6      | Reached XP level 9. HP: 64/65 MP: 9/9
  5581 | D:6      | Found a glowing drain.
  5595 | Sewer    | Entered a sewer
  5884 | D:6      | Reached *** piety under Okawaru
  5885 | D:6      | Reached skill level 5 in Fighting
  6364 | D:6      | Found Utoaz's Book Shop.
  6442 | D:6      | Reached skill level 9 in Ranged Weapons
  6449 | D:6      | Found a white marble altar of Elyvilon.
  6449 | D:6      | Found a broken altar of Ashenzari.
  6449 | D:6      | Found a snail-covered altar of Cheibriados.
  6449 | D:6      | Found a hide-covered altar of Uskayaw.
  6456 | D:6      | Found an opulent altar of Gozag.
  6456 | D:6      | Found a hazy altar of Hepliaklqana.
  6711 | D:7      | Found a runed translucent gate.
  6711 | D:7      | Found a runed translucent gate.
  6711 | D:7      | Found a runed translucent gate.
  6805 | D:7      | Found Joni's Self-Published Books.
  7126 | D:7      | Noticed osoart's ghost (novice OnGl)
  7139 | D:7      | Noticed Menkaure
  7146 | D:7      | Killed Menkaure
  7147 | D:7      | Reached skill level 10 in Ranged Weapons
  7535 | D:8      | Noticed Psyche
  7541 | D:8      | Noticed Joseph
  7544 | D:8      | Killed Psyche
  7573 | D:9      | Reached **** piety under Okawaru
  7703 | D:8      | Noticed Maurice
  7829 | D:8      | Killed Joseph
  7830 | D:8      | Reached skill level 11 in Ranged Weapons
  7830 | D:8      | Reached XP level 10. HP: 57/74 MP: 10/10
  8067 | D:8      | Something stole 258 gold
  8070 | D:8      | Something stole 276 gold
  8323 | D:8      | Killed Maurice
  8412 | D:8      | Reached skill level 12 in Ranged Weapons
  8735 | D:9      | Found a glowing golden altar of the Shining One.
  8923 | D:9      | Noticed a two-headed ogre
  8934 | D:9      | Killed a two-headed ogre
  8934 | D:9      | Reached ***** piety under Okawaru
  8998 | D:9      | Reached skill level 13 in Ranged Weapons
  9093 | D:9      | Received a gift from Okawaru
  9226 | D:9      | Found Qyekk's Neck Hole.
  9229 | D:9      | Noticed Jeremiah
  9244 | D:9      | Killed Jeremiah
  9285 | D:9      | Bought a +2 cloak for 231 gold pieces
  9409 | D:9      | Found a shadowy altar of Dithmenos.
  9479 | D:10     | Entered Level 10 of the Dungeon
  9685 | D:10     | Reached XP level 11. HP: 40/81 MP: 11/11
  9872 | D:10     | Noticed Sonja
  9878 | D:10     | Noticed a deep elf pyromancer
  9903 | D:9      | HP: 4/81 [yak (12)]
 10208 | D:10     | Killed Sonja
 10542 | D:10     | Noticed Erolcha
 10554 | D:10     | Killed Erolcha
 10820 | D:10     | Killed a deep elf pyromancer
 11261 | D:11     | Noticed a two-headed ogre
 11267 | D:11     | Killed a two-headed ogre
 11267 | D:11     | Received a gift from Okawaru
 11301 | D:11     | Reached skill level 10 in Fighting
 11443 | D:11     | Noticed a two-headed ogre
 11455 | D:11     | Killed a two-headed ogre
 11668 | D:11     | Noticed a two-headed ogre
 11681 | D:11     | Killed a two-headed ogre
 11779 | D:11     | Reached XP level 12. HP: 63/100 MP: 12/12
 12197 | D:10     | Reached ****** piety under Okawaru
 12238 | D:10     | Received a gift from Okawaru
 12462 | D:10     | Acquired the +3 hat of the Black Skies {Will++ Int-2 Dex-3
                  | SInv}
 12462 | D:10     | Received a gift from Okawaru
 12474 | D:10     | Acquired the +6 hand cannon "Yfusamud" {elec, +Blink rElec
                  | rF++ Stlth+}
 12474 | D:10     | Received a gift from Okawaru
 12550 | D:10     | Found a staircase to the Orcish Mines.
 12581 | D:10     | Found a radiant altar of Vehumet.
 12663 | D:10     | Noticed Harold
 12705 | D:10     | Found a staircase to the Lair.
 12905 | Orc:1    | Entered Level 1 of the Orcish Mines
 13081 | Lair:1   | Entered Level 1 of the Lair of Beasts
 13127 | Lair:1   | Reached skill level 14 in Ranged Weapons
 13132 | Lair:1   | Found an ancient bone altar of Kikubaaqudgha.
 13150 | Lair:1   | Received a gift from Okawaru
 13165 | Lair:1   | Noticed Erica
 13172 | Lair:1   | Killed from afar by Erica

Illustrated notes

Levels and vault maps discovered:
D:1:      matt_arrival_los_fun, layout_loops_cross, dreamdust_princess_bridge,
          minmay_large_rounded_square
D:2:      layout_basic, nicolae_eternal_life, minmay_crystal_room,
          chequers_arboretum, minmay_misc_feat_more_columns, minmay_hedge_maze,
          minmay_pentomino_pile
D:3:      layout_loops_ring, lemuel_crystal_altar, basic_ecumenical_altar,
          nicolae_figureground_pulse, uniq_grinder, uniq_natasha, uniq_ijyb,
          uniq_terence
D:4:      corexii_shantytown, layout_basic, minmay_temple_entry_stoned_glass,
          uniq_crazy_yiuf_cottage
D:5:      layout_loops_corners, led_xom_imps, kennysheep_mini_moat,
          lemuel_round_altar, minmay_fractal_squares_5
D:6:      layout_loops_ring, minmay_overflow_temple_hex, gup_sewer_entry_pipe,
          serial_shops, kennysheep_little_box
D:7:      layout_rooms, gammafunk_ghost_necromancy, roderic_batcave,
          nicolae_custom_books, uniq_menkaure
D:8:      layout_basic, lightli_orcish_oven, uniq_joseph, uniq_psyche,
          uniq_maurice
D:9:      layout_gridville, kennysheep_mini, tso_altar, nrook_campfire,
          nicolae_shop_sticking_my_neck_out, uniq_jeremiah
D:10:     layout_rooms, vehumet_statue, grunt_lair_entry_orc_guard_hut,
          erik_orc_2, serial_corexii_hall, chequers_hall_statues_wall_a,
          chequers_hall_statues_y, grunt_potential, uniq_erolcha, uniq_harold,
          uniq_sonja
D:11:     layout_basic
Lair:1:   minmay_lair_venomous_thicket, layout_concentric_octagons, basic_altar,
          serial_bayou_pond_a, infiniplex_staircase_pool_2, uniq_erica
Orc:1:    layout_caves, basic_altar

Skill      XL: |  1  2  3  4  5  6  7  8  9 10 11 12 |
---------------+-------------------------------------+-----
Ranged Weapons | 4 6 7 8 11 13 14 | 14.6
Dodging        | 2 5 |  5.8
Fighting       | 4 5 11 12 | 12.4
Stealth        | |  0.7

Action                     |  1- 3 |  4- 6 |  7- 9 | 10-12 || total
---------------------------+-------+-------+-------+-------++-------
   Fire: Sling             |   148 |   176 |   882 |  1371 ||  2577
         Hand cannon       |       |       |       |   115 ||   115
 Invoke: Receive Weapon    |       |       |       |     1 ||     1
         Receive Armour    |       |       |       |     1 ||     1
  Evoke: Wand              |       |     2 |     6 |     7 ||    15
    Use: Scroll            |       |       |     8 |     9 ||    17
         Potion            |       |       |       |     6 ||     6
 Armour: Leather armour    |     4 |    23 |   105 |     7 ||   139
         Steam dragon scal |       |       |       |   192 ||   192
         Troll leather arm |       |       |       |   119 ||   119
  Dodge: Dodged            |     6 |    18 |   120 |   294 ||   438

Table legend: (Time is in decaauts)
 A = Elapsed time spent in this place.
 B = Non-inter-level travel time spent in this place.
 C = Inter-level travel time spent in this place.
 D = Time resting spent in this place.
 E = Time spent auto-exploring this place.
 F = Levels seen in this place.
 G = Mean time per level.
                   A        B        C        D        E       F      G
               +--------+--------+--------+--------+--------+-----+--------+
         Total |  13089 |  12567 |    522 |   1175 |   9253 |  14 |  934.9 |
       Dungeon |  12659 |  12151 |    508 |   1175 |   8959 |  11 | 1150.8 |
          Lair |     90 |     90 |      0 |      0 |     41 |   1 |   90.0 |
  Orcish Mines |    120 |    106 |     14 |      0 |     80 |   1 |  120.0 |
         Sewer |    219 |    219 |      0 |      0 |    172 |   1 |  219.0 |
               +--------+--------+--------+--------+--------+-----+--------+

Top non-repeatable levels by time:
     D:4: 1721 daAuts
    D:10: 1605 daAuts
     D:9: 1550 daAuts
     D:5: 1349 daAuts
    D:11: 1214 daAuts
     D:3: 1019 daAuts
     D:7: 930 daAuts
     D:6: 910 daAuts
     D:8: 877 daAuts
     D:2: 771 daAuts
     D:1: 708 daAuts
   Sewer: 219 daAuts
   Orc:1: 120 daAuts
  Lair:1: 90 daAuts
